 Dungeon Crawl Stone Soup version 0.30-a0-696-g2367cd04db (webtiles) character file.

Game seed: 6528665804746892374

12 wormed the Caller (level 2, 19/19 HPs)
             Began as a Demonspawn Summoner on Jan 20, 2023.
             Quit the game on level 1 of the Dungeon.
             The game lasted 00:01:52 (415 turns).

wormed the Caller (Demonspawn Summoner)              Turns: 415, Time: 00:01:53

Health: 19/19      AC:  2    Str:  8    XL:     2   Next: 20%
Magic:  2/5        EV: 12    Int: 16    God:
Gold:   0          SH:  0    Dex: 13    Spells: 4/5 levels left

rFire   . . .      SeeInvis .    (no weapon)
rCold   . . .      Faith    .    (no shield)
rNeg    . . .      Spirit   .    a - +0 robe
rPois   .          Reflect  .    (no helmet)
rElec   .          Harm     .    (no cloak)
rCorr   .          Rampage  .    (no gloves)
Will    .....                    (no boots)
Stlth   ++                       (no amulet)
HPRegen 0.23/turn                (no ring)
MPRegen 0.09/turn                (no ring)

@: no status effects
A: foul stench 1
a: no special abilities


You were on level 1 of the Dungeon.
You visited 1 branch of the dungeon, and saw 1 of its levels.

Inventory:

Armour
 a - a +0 robe (worn)
Scrolls
 c - a scroll of blinking {unknown}
 e - a scroll of enchant weapon {unknown}
Potions
 b - a potion of magic
 d - 2 potions of heal wounds {unknown}


   Skills:
 - Level 1.7 Dodging
 - Level 1.7 Stealth
 + Level 2.2 Spellcasting
 + Level 0.9 Hexes
 + Level 4.2 Summonings


You had 4 spell levels left.
You knew the following spells:

 Your Spells              Type           Power      Damage    Failure   Level
a - Summon Small Mammal   Summ           60%        N/A       3%          1

Your spell library contained the following spells:

 Spells                   Type           Power      Damage    Failure   Level
 Call Imp                 Summ           15%        N/A       5%          2
 Call Canine Familiar     Summ           15%        N/A       11%         3
 Summon Guardian Golem    Hex/Summ       10%        N/A       22%         3
 Summon Lightning Spire   Summ/Air       8%         N/A       63%         4


Dungeon Overview and Level Annotations

Branches:
Dungeon (1/15)

Altars:


Innate Abilities, Weirdness & Mutations

You may rarely emit foul miasma when damaged in melee.


Message History

Your quokka barely misses the hobgoblin.
You closely miss the hobgoblin.
The hobgoblin is almost dead.
The hobgoblin is no longer moving slowly.
You kill the hobgoblin!
Your quokka disappears in a puff of smoke!
Your quokka disappears in a puff of smoke!
HP restored.
You see here a hobgoblin corpse.
Found a hand axe.
A bat comes into view.
A bat is nearby!
A bat is nearby!
Casting: Summon Small Mammal (safe; 3% risk of failure)
Confirm with . or Enter, or press ? or * to list all spells.
Casting: Summon Small Mammal (safe; 3% risk of failure)
Confirm with . or Enter, or press ? or * to list all spells.
Your bat misses the bat. The bat hits your bat.
Your bat hits the bat.
The bat hits your bat but does no damage.
Your bat closely misses the bat.
Your bat barely misses the bat.
Casting: Summon Small Mammal (safe; 3% risk of failure)
Confirm with . or Enter, or press ? or * to list all spells.
Your bat disappears in a puff of smoke!
The bat closely misses your quokka. The bat misses your quokka.
Casting: Summon Small Mammal (safe; 3% risk of failure)
Confirm with . or Enter, or press ? or * to list all spells.
Your quokka disappears in a puff of smoke!
The bat hits your quokka but does no damage.
The bat barely misses your quokka.
Your quokka closely misses the bat.
The bat hits your quokka but does no damage.
The bat closely misses your quokka.
Your quokka bites the bat.
The bat hits your quokka. The bat hits your quokka.
The bat hits your quokka but does no damage.
Something barely misses your quokka. The bat hits your quokka.
Your quokka bites the bat.
The bat dies!
Are you sure you want to abandon this character and quit the game? (Confirm with "yes".)

⌠....#........
#.#.#.#.#.....##........
#.......#.....#.........
#......#.....#.8.######
#............#...#
.......... ##### ......
#.r# #.@#.) #.###..#..
#......#.# #.###.##.#
########## #.##.#
#......... #.##.#
#.######## ##.##.# #.# #
.####...#.# #.# #
#..........# #.# #


You could see a friendly quokka (summoned).

Vanquished Creatures
  A hobgoblin (D:1)
1 creature vanquished.

Vanquished Creatures (collateral kills)
  A dart slug (D:1)
  A ball python (D:1)
  An endoplasm (D:1)
  A giant cockroach (D:1)
  A kobold (D:1)
  2 bats (D:1)
  A rat (D:1)
8 creatures vanquished.

Grand Total: 9 creatures vanquished

Notes
Turn   | Place    | Note
-------+----------+-------------------------------------------
     0 | D:1      | wormed the Demonspawn Summoner began the quest for the Orb.
     0 | D:1      | Reached XP level 1. HP: 13/13 MP: 3/3
   282 | D:1      | Gained mutation: You may rarely emit foul miasma when
                  | damaged in melee. [demonic ancestry]
   282 | D:1      | Reached XP level 2. HP: 19/19 MP: 1/5
   415 | D:1      | Quit the game

Illustrated notes

Levels and vault maps discovered:
D:1:      wander_arrival_estate, layout_loops_ring, serial_bayou_crossing

Action                   || total
-------------------------++-------
Melee: Unarmed           ||     2
 Cast: Summon Small Mamm ||    19
Armor: Robe              ||     2
Dodge: Dodged            ||     2

Table legend: (Time is in decaauts)
 A = Elapsed time spent in this place.
 B = Non-inter-level travel time spent in this place.
 C = Inter-level travel time spent in this place.
 D = Time resting spent in this place.
 E = Time spent auto-exploring this place.
 F = Levels seen in this place.
 G = Mean time per level.
                   A        B        C        D        E       F      G
               +--------+--------+--------+--------+--------+-----+--------+
         Total |    415 |    415 |      0 |      0 |    300 |   1 |  415.0 |
       Dungeon |    415 |    415 |      0 |      0 |    300 |   1 |  415.0 |
               +--------+--------+--------+--------+--------+-----+--------+

Top non-repeatable levels by time:
     D:1: 415 daAuts
